 Dungeon Crawl Stone Soup version 0.21.1-1-g345015f (webtiles) character file.

19971 beigtais the Cleaver (level 12, -4/91 HPs)
             Began as a Demonspawn Monk on July 16, 2018.
             Was a High Priest of Yredelemnul.
             Slain by a hellwing (14 damage)
             ... summoned by a kobold demonologist
             ... on level 13 of the Dungeon.
             The game lasted 01:39:23 (14507 turns).

beigtais the Cleaver (Demonspawn Monk)             Turns: 14507, Time: 01:39:25

Health: -4/91      AC:  7    Str: 22    XL:     12   Next: 41%
Magic:  27/27      EV: 19    Int: 11    God:    Yredelemnul [*****.]
Gold:   814        SH:  0    Dex: 18    Spells: 11/11 levels left

rFire    + . .     SeeInvis +   y - +2 battleaxe (chop)
rCold    + . .     Gourm    .   (shield currently unavailable)
rNeg     . . .     Faith    .   j - +1 robe of Ru's Condemnation {rC+ Str+4} (curse)
rPois    +         Spirit   .   (no helmet)
rElec    .         Reflect  .   h - +0 cloak
rCorr    .         Harm     .   m - +0 pair of gloves
MR       .....                  (no boots)
Stlth    +++.......             (no amulet)
HPRegen  0.25/turn              F - ring of Faabuam {rPois MP+9 Str+6 Dex-3 SInv}
MPRegen  0.20/turn              b - +2 ring of evasion

@: about to teleport
A: hooves 2, iridescent scales 1, fire resistance 1, spiny 2, flame cloud
immunity
a: Recall Undead Slaves, Injury Mirror, Animate Dead, Drain Life, Enslave Soul,
Renounce Religion


You were on level 13 of the Dungeon.
You worshipped Yredelemnul.
Yredelemnul was extremely pleased with you.
You were not hungry.

You visited 2 branches of the dungeon, and saw 14 of its levels.

You collected 814 gold pieces.

Inventory:

Hand Weapons
 a - a +1 hand axe
 y - a +2 battleaxe of chopping (weapon)
 G - the +8 dagger of Certain Death {drain, rPois rN+ Str+3 Int+8 Dex-3, unknown}
   (You found it on level 11 of the Dungeon)

   A truly terrible weapon, it drains the life of those it strikes.
   It affects your strength (+3).
   It affects your intelligence (+8).
   It affects your dexterity (-3).
   It protects you from poison.
   It protects you from negative energy.
 K - a +0 blowgun
 P - a +0 shortbow
Missiles
 g - 276 arrows
 r - 88 poisoned needles
 L - 6 curare-tipped needles
Armour
 h - a +0 cloak (worn)
 j - the cursed +1 robe of Ru's Condemnation (worn) {rC+ Str+4}
   (You found it on level 9 of the Dungeon)

   It affects your strength (+4).
   It protects you from cold.
   It has a curse placed upon it.
 m - a +0 pair of gloves (worn)
 o - a +0 leather armour
 u - a +0 robe of fire resistance
 w - a +1 leather armour of cold resistance
Magical Staves
 l - an uncursed staff of summoning
Jewellery
 b - a +2 ring of evasion (right hand)
 n - an uncursed ring of wizardry
 t - an uncursed ring of see invisible
 E - an uncursed ring of ice
 F - the ring of Faabuam (left hand) {rPois MP+9 Str+6 Dex-3 SInv}
   (You found it on level 11 of the Dungeon)

   [ring of magical power]

   It affects your strength (+6).
   It affects your dexterity (-3).
   It protects you from poison.
   It affects your magic capacity (+9).
   It lets you see invisible.
 J - an uncursed amulet of harm {unknown}
 Q - an uncursed ring of magical power {unknown}
Wands
 e - a wand of clouds (2)
 f - a wand of disintegration (35)
 v - a wand of flame (13)
 D - a wand of random effects (49)
 M - a wand of scattershot (4)
Scrolls
 d - 3 scrolls of immolation
 k - 5 scrolls of remove curse
 s - a scroll of amnesia
 x - a scroll of summoning
 z - a scroll of fear
 N - 2 scrolls of identify
Potions
 i - 8 potions of curing
 p - 3 potions of berserk rage
 B - a potion of haste
 C - 2 potions of resistance {unknown}
 O - a potion of mutation {unknown}
 R - a potion of heal wounds
Books
 q - a book of Enchantments

   Spells                             Type                      Level
   a - Cause Fear                     Hexes                        4
   b - Yara's Violent Unravelling     Hexes/Transmutation          5
   c - Silence                        Hexes/Air                    5
   d - Deflect Missiles               Charms/Air                   6
   e - Discord                        Hexes                        8
 H - a book of Callings

   Spells                             Type                      Level
   a - Summon Small Mammal            Summoning                    1
   b - Call Imp                       Summoning                    2
   c - Call Canine Familiar           Summoning                    3
   d - Summon Guardian Golem          Hexes/Summoning              3
   e - Summon Lightning Spire         Summoning/Air                4
   f - Summon Ice Beast               Ice/Summoning                4
 I - a book of Maledictions

   Spells                             Type                      Level
   a - Corona                         Hexes                        1
   b - Ensorcelled Hibernation        Hexes/Ice                    2
   c - Confuse                        Hexes                        3
   d - Tukima's Dance                 Hexes                        3
   e - Dazzling Spray                 Conjuration/Hexes            3
Comestibles
 c - 12 rations


   Skills:
 * Level 7.6 Fighting
 * Level 11.0 Axes
 * Level 6.1 Throwing
 + Level 4.2 Armour
 * Level 7.2 Dodging
 * Level 6.9 Stealth
 * Level 8.9 Invocations
 * Level 5.9 Evocations


You had 11 spell levels left.
You didn't know any spells.

Dungeon Overview and Level Annotations

Branches:
Dungeon (13/15)            Temple (1/1) D:7            Lair (0/6) D:8
    Orc (0/2) D:12
 Vaults: D:13-14

Altars:
Ashenzari
Cheibriados
Dithmenos
Elyvilon
Fedhas
Gozag
Hepliaklqana
Kikubaaqudgha
Makhleb
Nemelex Xobeh
Okawaru
Qazlal
Ru
Sif Muna
Trog
Uskayaw
Vehumet
Wu Jian
Xom
Yredelemnul
Zin
The Shining One

Shops:
D:9 }


Innate Abilities, Weirdness & Mutations

You have hoof-like feet.
You are partially covered in iridescent scales. (AC +2)
Your flesh is heat resistant. (rF+)
You are mostly covered in sharp spines.
You are immune to clouds of flame.


Message History

The kobold demonologist barely misses your wight.
The hellwing hits you!
* * * LOW HITPOINT WARNING * * *
The hellwing hits you.
* * * LOW HITPOINT WARNING * * *
Something closely misses your wight.
As you read the scroll of teleportation, it crumbles to dust.
You feel strangely unstable.
The kobold demonologist closely misses you.
Your troll zombie barely misses the smoke demon.
Your troll zombie claws the smoke demon.
Your troll zombie claws the smoke demon but does no damage.
The smoke demon gestures at your troll zombie.
The sticky flame hits your troll zombie.
Your troll zombie is covered in liquid flames!
Your wight misses the kobold demonologist.
The kobold demonologist mumbles some strange words.
The hellwing hits you!
You die...
Your body rises from the dead as a mindless zombie.

## ##.. .####... ####
[.#.3.. .... 4KK>#
.... ##445.# ....
#KK#..# .... #######z#
#.# ....
#....@KZ###.########
....
.(......4.Z3.........#
....
##..#######.......!###
.... #. #)#.(.####
#......## # #......##
# .....##.# ... ##...#
#.# ... #.## #.#


You could see a hellwing, 2 kobold demonologists, a smoke demon, a neqoxec, a
red devil, a white imp, a kobold, a friendly wight, a friendly kobold zombie and
a friendly troll zombie (burning).

Vanquished Creatures
  A centaur warrior (D:13)
  4 two-headed ogres
  A deep elf mage (D:13)
  2 ugly things (D:13)
  A manticore (D:12)
  A centaur zombie (D:12)
  Maurice (D:13)
  Joseph (D:8)
  A gargoyle (D:11)
  Psyche (D:11)
  2 efreet
  A kobold demonologist (D:13)
  2 trolls
  A hornet (D:8)
  3 hippogriffs
  A wraith (D:13)
  A shadow (D:11)
  6 yaks
  2 hogs (D:9)
  2 wyverns
  Eustachio (D:4)
  A human (D:9)
  Edmund (D:4)
  A hornet zombie (D:10)
  3 ice beasts
  A slave (D:8)
  3 sky beasts
  2 eyes of draining
  7 ogres
  A hippogriff zombie (D:13)
  4 big kobolds
  4 bullfrogs
  5 scorpions
  10 killer bees
  5 wights (D:9)
  4 howler monkeys
  6 crimson imps
  8 hounds
  A quasit (D:13)
  7 orc priests
  14 orc wizards
  2 bullfrog skeletons
  2 centaur skeletons
  5 iguanas
  Terence (D:3)
  5 worker ants
  A hound skeleton (D:5)
  A worker ant zombie (D:10)
  12 adders
  2 shadow imps
  2 adder zombies
  4 worms
  A dart slug (D:1)
  4 leopard geckos
  33 orcs
  A ball python (D:2)
  4 giant cockroaches
  8 goblins
  10 hobgoblins
  19 jackals
  7 quokkas
  6 bats
  4 frilled lizards
  23 kobolds
  A leopard gecko skeleton (D:8)
  A quokka skeleton (D:5)
  A quokka zombie (D:5)
  6 rats
290 creatures vanquished.

Vanquished Creatures (collateral kills)
  A hydra (D:12)
  Harold (D:12)
  Erica (D:8)
  4 two-headed ogres
  Sonja (D:12)
  Nergalle (D:12)
  Pikel (D:8)
  An ugly thing (D:12)
  A cyclops (D:10)
  4 trolls
  2 wraiths (D:13)
  A shadow (D:12)
  A wyvern (D:12)
  A hog (D:9)
  2 water moccasins
  A phantom (D:12)
  A black bear (D:12)
  A necrophage (D:9)
  A sky beast (D:13)
  An orc warrior (D:10)
  An eye of draining (D:13)
  3 ogres
  A bullfrog (D:12)
  A scorpion (D:12)
  2 howler monkeys (D:12)
  A crimson imp (D:13)
  A bullfrog zombie (D:12)
  2 hounds (D:13)
  2 orc wizards
  3 worker ants
  2 adders
  An orc (D:10)
  2 jackals (D:8)
  5 kobolds (D:12)
55 creatures vanquished.

Vanquished Creatures (others)
  An ugly thing zombie (D:13)
  A centaur zombie (D:13)
  3 flying skulls
  A wraith (D:12)
  2 two-headed ogre zombies
  A hog zombie (D:9)
  A hippogriff zombie (D:12)
  A wyvern zombie (D:13)
  2 water moccasin zombies
  A troll zombie (D:12)
  3 yak zombies
  2 bullfrog zombies
  A black bear zombie (D:12)
  3 human zombies
  2 killer bee zombies (D:13)
  A sky beast zombie (D:8)
  2 ogre zombies (D:9)
  2 hound zombies
  A howler monkey zombie (D:12)
  A worker ant zombie (D:12)
  2 scorpion zombies
  3 adder zombies (D:8)
  5 jackal zombies
  5 kobold zombies
  8 orc zombies
55 creatures vanquished.

Grand Total: 400 creatures vanquished

Notes
Turn   | Place    | Note
-------+----------+-------------------------------------------
     0 | D:1      | beigtais the Demonspawn Monk began the quest for the Orb.
     0 | D:1      | Reached XP level 1. HP: 18/18 MP: 1/1
   298 | D:1      | Reached skill level 3 in Axes
   298 | D:1      | Gained mutation: You are partially covered in iridescent scales. (AC +2) [demonic ancestry]
   298 | D:1      | Reached XP level 2. HP: 6/24 MP: 2/2
  1168 | D:2      | Reached XP level 3. HP: 29/29 MP: 3/3
  1579 | D:2      | Found a sparkling altar of Nemelex Xobeh.
  1590 | D:2      | Found a glowing silver altar of Zin.
  1595 | D:2      | Found a sacrificial altar of Ru.
  1762 | D:2      | Gained mutation: You are partially covered in sharp spines. [demonic ancestry]
  1762 | D:2      | Reached XP level 4. HP: 29/35 MP: 4/4
  2260 | D:3      | Found an iron altar of Okawaru.
  2415 | D:3      | Noticed Terence
  2418 | D:3      | Killed Terence
  2528 | D:3      | Reached skill level 1 in Throwing
  2752 | D:3      | Reached XP level 5. HP: 41/41 MP: 5/5
  2766 | D:3      | Reached skill level 4 in Axes
  3125 | D:3      | Reached skill level 1 in Evocations
  3306 | D:4      | Noticed an ogre
  3309 | D:4      | Killed an ogre
  3309 | D:4      | Gained mutation: Your flesh is heat resistant. (rF+) [demonic ancestry]
  3309 | D:4      | Reached XP level 6. HP: 48/48 MP: 6/6
  3315 | D:4      | Reached skill level 1 in Armour
  3706 | D:4      | Found an ornate altar of the Wu Jian Council.
  3829 | D:4      | Noticed Edmund
  3933 | D:4      | Gained mutation: You are mostly covered in sharp spines. [demonic ancestry]
  3933 | D:4      | Reached XP level 7. HP: 50/54 MP: 8/8
  3940 | D:4      | Killed Edmund
  3940 | D:4      | Reached skill level 5 in Axes
  4213 | D:4      | Noticed Eustachio
  4219 | D:4      | Killed Eustachio
  4393 | D:5      | Entered Level 5 of the Dungeon
  4561 | D:5      | Gained mutation: You have large cloven feet. [demonic ancestry]
  4561 | D:5      | Reached XP level 8. HP: 58/61 MP: 9/9
  4751 | D:5      | Reached skill level 6 in Axes
  5683 | D:6      | Reached skill level 5 in Fighting
  5683 | D:6      | Reached skill level 5 in Dodging
  5888 | D:6      | Found an opulent altar of Gozag.
  6614 | D:7      | Found a staircase to the Ecumenical Temple.
  6619 | Temple   | Entered the Ecumenical Temple
  6680 | Temple   | Became a worshipper of Yredelemnul the Dark
  6680 | Temple   | Reached * piety under Yredelemnul
  6680 | Temple   | Reached ** piety under Yredelemnul
  6765 | D:7      | Noticed a two-headed ogre
  6777 | D:7      | Killed a two-headed ogre
  6777 | D:7      | Reached skill level 7 in Axes
  6777 | D:7      | Reached skill level 1 in Invocations
  6777 | D:7      | Reached XP level 9. HP: 68/68 MP: 9/11
  7180 | D:8      | Noticed a two-headed ogre
  7198 | D:8      | Killed a two-headed ogre
  7373 | D:8      | Paralysed by a hornet for 1 turns
  7456 | D:8      | Noticed Joseph
  7478 | D:8      | Killed Joseph
  7478 | D:8      | Reached skill level 8 in Axes
  7478 | D:8      | Reached skill level 5 in Stealth
  7478 | D:8      | Gained mutation: You are immune to clouds of flame. [demonic ancestry]
  7478 | D:8      | Reached XP level 10. HP: 53/76 MP: 12/12
  7684 | D:8      | Noticed a two-headed ogre
  7701 | D:8      | Killed a two-headed ogre
  7974 | D:8      | Your ally Joseph died
  8279 | D:8      | Found a staircase to the Lair.
  8312 | D:8      | Noticed Pikel
  8320 | D:8      | Killed Pikel
  8485 | D:8      | Noticed Erica
  8499 | D:8      | Killed Erica
  8618 | D:8      | Found a snail-covered altar of Cheibriados.
  8780 | D:9      | Reached *** piety under Yredelemnul
  8845 | D:9      | Reached skill level 5 in Invocations
  9045 | D:9      | Got a faintly humming robe
  9093 | D:9      | Noticed a two-headed ogre
  9105 | D:9      | Killed a two-headed ogre
  9105 | D:9      | Reached skill level 9 in Axes
  9591 | D:9      | Noticed a two-headed ogre
  9602 | D:9      | Killed a two-headed ogre
  9602 | D:9      | Reached XP level 11. HP: 57/83 MP: 15/15
  9718 | D:9      | Found Zoiziw's Gadget Shop.
  9960 | D:10     | Entered Level 10 of the Dungeon
 10070 | D:10     | Reached skill level 5 in Throwing
 10568 | D:10     | Reached **** piety under Yredelemnul
 11166 | D:10     | Received a gift from Yredelemnul (2 flying skulls)
 11203 | D:11     | Reached skill level 5 in Evocations
 11362 | D:11     | Noticed Psyche
 11372 | D:11     | Killed Psyche
 11465 | D:11     | Noticed a two-headed ogre
 11466 | D:11     | Got a smoking pewter ring
 11484 | D:11     | Killed a two-headed ogre
 11603 | D:11     | Got a warped dagger
 11610 | D:11     | Reached skill level 10 in Axes
 11740 | D:11     | Identified the cursed +1 robe of Ru's Condemnation {rC+ Str+4} (You found it on level 9 of the Dungeon)
 11741 | D:11     | Identified the ring of Faabuam {rPois MP+9 Str+6 Dex-3 SInv} (You found it on level 11 of the Dungeon)
 12282 | D:11     | Received a gift from Yredelemnul (a flying skull)
 12301 | D:12     | Noticed a two-headed ogre
 12314 | D:12     | Killed a two-headed ogre
 12454 | D:12     | Noticed Sonja
 12464 | D:12     | Killed Sonja
 12510 | D:12     | Noticed a red ugly thing
 12512 | D:12     | Noticed Nergalle
 12521 | D:12     | Killed a red ugly thing
 12524 | D:12     | Noticed a spectral orc warlord
 12530 | D:12     | Killed Nergalle
 12685 | D:12     | Received a gift from Yredelemnul (a wraith)
 12703 | D:12     | Found a staircase to the Orcish Mines.
 12728 | D:12     | Noticed a five-headed hydra
 12731 | D:12     | Noticed Harold
 12744 | D:12     | Killed a five-headed hydra
 13136 | D:12     | Killed Harold
 13136 | D:12     | Gained mutation: You have hoof-like feet. [demonic ancestry]
 13136 | D:12     | Reached XP level 12. HP: 54/91 MP: 16/17
 13507 | D:12     | Your ally Sonja died
 13618 | D:13     | Noticed Maurice
 13636 | D:13     | Killed Maurice
 13671 | D:13     | Your ally Maurice died
 13721 | D:13     | Noticed a two-headed ogre
 13731 | D:13     | Killed a two-headed ogre
 13749 | D:13     | Noticed a centaur warrior
 13754 | D:13     | Killed a centaur warrior
 14051 | D:13     | Found an ancient bone altar of Kikubaaqudgha.
 14154 | D:13     | Reached ***** piety under Yredelemnul
 14178 | D:13     | Reached skill level 11 in Axes
 14492 | D:13     | Received a gift from Yredelemnul (a wight)
 14507 | D:13     | Slain by a hellwing

Skill      XL: |  1  2  3  4  5  6  7  8  9 10 11 12 |
---------------+-------------------------------------+-----
Axes           | 3 4 5 7 8 9 10 11 | 11.0
Stealth        | 2 3 4 5 6 |  6.9
Dodging        | 3 4 5 6 7 |  7.2
Throwing       | 1 2 3 4 5 6 |  6.1
Evocations     | 1 2 3 4 5 |  5.9
Armour         | 1 3 4 |  4.2
Fighting       | 4 5 6 7 |  7.6
Invocations    | 1 3 5 7 8 |  8.9

Action                   |  1- 3 |  4- 6 |  7- 9 | 10-12 || total
-------------------------+-------+-------+-------+-------++-------
Melee: Hand axe          |   124 |   108 |   199 |    74 ||   505
       Kick              |       |       |    61 |   111 ||   172
       Battleaxe         |       |       |       |   220 ||   220
Throw: Stone             |     8 |     3 |    12 |     6 ||    29
       Throwing net      |       |       |       |     3 ||     3
Invok: Animate Remains   |       |       |     4 |    14 ||    18
       Animate Dead      |       |       |       |    59 ||    59
       Recall Undead Sla |       |       |       |     3 ||     3
Evoke: Wand              |       |     6 |     8 |     9 ||    23
  Use: Scroll            |     3 |     4 |     7 |     9 ||    23
       Potion            |     2 |     3 |     5 |     7 ||    17
 Stab: Sleeping          |     6 |     3 |     6 |    14 ||    29
       Distracted        |     1 |       |     1 |     4 ||     6
  Eat: Chunk             |     3 |     7 |     5 |     3 ||    18
       Ration            |       |       |     2 |    12 ||    14
Armor: Robe              |    34 |    30 |     3 |    18 ||    85
       Leather armour    |       |       |    38 |    28 ||    66
Dodge: Dodged            |    99 |    61 |   121 |   283 ||   564
